 Dungeon Crawl Stone Soup version 0.19.1 (webtiles) character file.

140 doubledope the Sneak (level 5, -5/26 HPs)
             Began as a Spriggan Assassin on Dec 3, 2016.
             Slain by qice's ghost (14 damage)
             ... on level 3 of the Dungeon.
             The game lasted 00:07:07 (2808 turns).

doubledope the Sneak (Spriggan Assassin)            Turns: 2808, Time: 00:07:08

Health: -5/26      AC:  3    Str:  7    XL:     5   Next: 2%
Magic:  6/6        EV: 19    Int: 12    God:
Gold:   130        SH:  0    Dex: 19    Spells: 0 memorised, 4 levels left

rFire  . . .     SeeInvis +     q - +2 dagger (elec)
rCold  . . .     Gourm    .     c - +0 robe
rNeg   . . .     Faith    .     (shield restricted)
rPois  .         Spirit   .     (helmet restricted)
rElec  .         Reflect  .     d - +0 cloak
rCorr  .         Harm     .     (gloves unavailable)
MR     .....                    (boots unavailable)
Stlth  ++++......               (no amulet)
                                (no ring)
                                (no ring)

@: very quick
A: unfitting armour, see invisible, herbivore 3, speed 3, slow metabolism 2
a: no special abilities


You were on level 3 of the Dungeon.
You were not hungry.

You visited 1 branch of the dungeon, and saw 3 of its levels.

You collected 130 gold pieces.

Inventory:

Hand Weapons
 a - a +2 dagger
 b - a +0 blowgun
 q - a +2 dagger of electrocution (weapon)
Missiles
 e - 8 poisoned needles
 f - 8 curare-tipped needles
 k - 2 needles of sleeping
Armour
 c - a +0 robe (worn)
 d - a +0 cloak (worn)
Scrolls
 h - a scroll of immolation {unknown}
 i - 2 scrolls of remove curse {unknown}
 j - 2 scrolls of noise {unknown}
 l - a scroll of enchant armour {unknown}
 o - a scroll of amnesia {unknown}
 p - 2 scrolls of identify {unknown}
 s - a scroll of recharging {unknown}
 v - a scroll of fear {unknown}
 w - a scroll of random uselessness {unknown}
Potions
 m - 2 potions of agility {unknown}
 t - a potion of ambrosia {unknown}
 u - 2 potions of heal wounds {unknown}
Comestibles
 g - a bread ration
 n - a meat ration
 r - 3 fruits


   Skills:
 + Level 1.9 Fighting
 + Level 3.5 Short Blades
 + Level 2.0 Throwing
 + Level 3.3 Dodging
 + Level 7.7 Stealth


You had 4 spell levels left.
You didn't know any spells.

Dungeon Overview and Level Annotations

Branches:
Dungeon (3/15)

Altars:
Elyvilon
Yredelemnul

Annotations:
D:3 qice's ghost, amateur FoFi


Innate Abilities, Weirdness & Mutations

You are very small and have problems with some larger weapons.
You are too small for most types of armour.
You have supernaturally acute eyesight. (SInv)
You are a herbivore.
You cover ground extremely quickly.
You need consume almost no food.


Message History

Qice's ghost turns its malevolent gaze towards you.
A giant cockroach comes into view.
Qice's ghost hits you.
Found a meat ration.
Found a stone staircase leading down.
You hit qice's ghost.
There is a sudden explosion of sparks!
Qice's ghost is heavily damaged.
Qice's ghost barely misses you.
You hit qice's ghost but do no damage.
Qice's ghost is heavily damaged.
Qice's ghost hits you!
You closely miss qice's ghost.
Qice's ghost is heavily damaged.
You hit qice's ghost but do no damage.
Qice's ghost is heavily damaged.
Qice's ghost closely misses you.
You closely miss qice's ghost.
Qice's ghost is heavily damaged.
The giant cockroach barely misses you. Qice's ghost hits you!
Ouch! That really hurt!
You die...

#.# #####.## #......#
#...... #>..... #.....#
#..%sW# #@# # #.#.#
#.###.#.# #.......#
#####.### ######### #.#
#........
##########.#######.#######
#.......)#......##.#####
#.######.#.#...........#


You could see qice's ghost and a giant cockroach.

Vanquished Creatures
  2 orc priests (D:3)
  4 adders
  An ooze (D:1)
  3 leopard geckos (D:1)
  2 orcs (D:3)
  4 bats
  4 giant cockroaches
  5 goblins
  2 hobgoblins (D:1)
  A quokka (D:2)
  4 frilled lizards
  6 kobolds
  5 rats
43 creatures vanquished.

Notes
Turn   | Place    | Note
-------+----------+-------------------------------------------
     0 | D:1      | doubledope the Spriggan Assassin began the quest for the Orb.
     0 | D:1      | Reached XP level 1. HP: 10/10 MP: 2/2
    44 | D:1      | Reached skill level 6 in Stealth
   236 | D:1      | Reached XP level 2. HP: 15/15 MP: 3/3
  1419 | D:2      | Reached skill level 7 in Stealth
  1419 | D:2      | Reached XP level 3. HP: 15/18 MP: 4/4
  1768 | D:2      | Found a white marble altar of Elyvilon.
  2073 | D:2      | Found a basalt altar of Yredelemnul.
  2143 | D:3      | Reached XP level 4. HP: 23/23 MP: 5/5
  2349 | D:3      | Reached XP level 5. HP: 2/26 MP: 6/6
  2799 | D:3      | Noticed qice's ghost (amateur FoFi)
  2808 | D:3      | Slain by qice's ghost

Skill      XL: |  1  2  3  4 |
---------------+-------------+-----
Stealth        | 6 7 |  7.7
Dodging        | 2 3 |  3.3
Short Blades   | 3 |  3.5
Fighting       | |  1.9
Throwing       | |  2.0

Action                   |  1- 3 |  4- 6 || total
-------------------------+-------+-------++-------
Melee: Dagger            |   114 |    23 ||   137
 Stab: Sleeping          |     9 |     3 ||    12
Armor: Robe              |    14 |     1 ||    15
Dodge: Dodged            |   100 |    10 ||   110
